 Dungeon Crawl Stone Soup version 0.27-a0-909-g0721f309d1 (webtiles) character file.

Game seed: 2672743084683540661

448 littlecub the Ruffian (level 6, -1/62 HPs)
             Began as a Troll Fighter on Apr 8, 2021.
             Was a Believer of the Shining One.
             Slain by an adder (3 damage)
             ... in a sewer.
             The game lasted 00:04:00 (1982 turns).

littlecub the Ruffian (Troll Fighter)               Turns: 1982, Time: 00:04:00

Health: -1/62      AC:  4    Str: 27    XL:     6   Next: 73%
Magic:  6/6        EV:  8    Int:  4    God:    the Shining One [**....]
Gold:   92         SH:  9    Dex:  9    Spells: 5/5 levels left

rFire    . . .     SeeInvis .     - Unarmed
rCold    . . .     Faith    .   b - +0 kite shield
rNeg     + . .     Spirit   .   a - +0 robe
rPois    .         Reflect  .   (helmet restricted)
rElec    .         Harm     .   (no cloak)
rCorr    .         Rampage  .   (gloves unavailable)
Will     .....                  (boots unavailable)
Stlth    +.........             (no amulet)
HPRegen  1.20/turn              (no ring)
MPRegen  0.10/turn              (no ring)

@: lethally poisoned (-1 -> -1), about to teleport, glowing, very slow
A: large, unfitting armour, claws 3, regeneration 1, shaggy fur 1, tough skin 1
a: Renounce Religion, Divine Shield


You were in a sewer.
You worshipped the Shining One.
The Shining One was pleased with you.
You visited 1 branch of the dungeon, and saw 3 of its levels.
You also visited: Sewer.

You collected 92 gold pieces.

Inventory:

Armour
 a - a +0 robe (worn)
 b - a +0 kite shield (worn)
Jewellery
 i - an amulet of regeneration
Scrolls
 h - a scroll of enchant armour
 o - a scroll of magic mapping
Potions
 c - a potion of might
 d - 2 potions of haste {unknown}
 e - a potion of resistance
 f - a potion of mutation {unknown}
 g - a potion of invisibility {unknown}
 j - a potion of flight {unknown}
 k - a potion of cancellation {unknown}
 l - 2 potions of curing {unknown}
 m - a potion of brilliance {unknown}
 n - a potion of magic {unknown}


   Skills:
 * Level 4.0 Fighting
 + Level 3.2 Dodging
 + Level 3.2 Shields
 * Level 4.2 Unarmed Combat
 + Level 1.8 Invocations


You had 5 spell levels left.
You didn't know any spells.
Your spell library was empty.

Dungeon Overview and Level Annotations

Branches:
Dungeon (3/15)              Sewer (1/1)

Altars:
Xom
The Shining One

Shops:
D:2 =


Innate Abilities, Weirdness & Mutations

You are too large for most types of armour.
You have claws for hands.
Your natural rate of healing is unusually fast.
You are covered in fur. (AC +1)
You have tough skin. (AC +1)


Message History

You feel sick. You block the adder's attack. x2
The ball python bites you but does no damage.
The adder bites you but does no damage.
The ball python bites you but does no damage.
You closely miss the adder.
The adder is heavily wounded.
You feel sick. The adder completely misses you. The adder bites you.
The ball python barely misses you. The adder bites you.
* * * LOW HITPOINT WARNING * * *
The ball python bites you.
* * * LOW HITPOINT WARNING * * *
The adder bites you.
* * * LOW HITPOINT WARNING * * *
You block the adder's attack. You block the ball python's attack.
The adder bites you.
* * * LOW HITPOINT WARNING * * *
The ball python bites you but does no damage.
As you read the scroll labelled HUUNIE IGOUCAO, it crumbles to dust.
You feel strangely unstable.
It was a scroll of teleportation.
You feel sick. You block the adder's attack. The adder barely misses you.
The adder bites you.
* * * LOW HITPOINT WARNING * * *
The ball python closely misses you.
The ball python bites you but does no damage.
You scratch the adder but do no damage.
The adder is heavily wounded.
You feel sick. The adder bites you.
* * * LOW HITPOINT WARNING * * *
The adder bites you.
* * * LOW HITPOINT WARNING * * *
You block the adder's attack.
The ball python bites you but does no damage.
You block the ball python's attack. The adder bites you.
* * * LOW HITPOINT WARNING * * *
You are more poisoned.
The adder poisons you! You block the adder's attack.
You claw the adder!
You kill the adder!
You feel sick. You block the adder's attack. The ball python barely misses you.
The ball python completely misses you. The adder bites you.
You die...

≈≈††#
#≈≈≈≈≈≈#
≈≈≈≈#
#≈≈≈≈≈≈#
≈≈≈≈#
#≈≈≈≈≈≈#
≈≈≈##
#≈≈≈≈≈≈#
(.≈≈#
#≈≈≈≈≈≈#
≈≈≈≈#
#≈≈≈≈§≈#
≈≈≈≈#
#≈≈≈§§§#
≈≈≈≈#
#≈≈≈#SS#
≈≈≈≈#
#≈≈≈SS@#
≈≈≈≈#
#≈≈≈§SS#
≈≈≈≈#
#≈≈≈≈§§#
≈≈≈≈#
#≈≈≈≈≈≈#
≈≈≈≈#
#≈≈#≈≈≈#
≈≈≈.#
#.≈≈≈≈##
....#
****#.....S*
...##
*,,,#.....,*
...#
*,∩,+,,,,,,*


You could see 2 adders and 4 ball pythons.

Vanquished Creatures
  A water moccasin (D:3)
  2 bullfrogs (Sewer)
  An orc priest (D:3)
  Jessica (D:2)
  An orc wizard (D:3)
  5 adders
  A river rat (Sewer)
  2 worms (D:2)
  A dart slug (D:1)
  2 orcs (D:3)
  13 ball pythons
  2 bats (D:1)
  3 endoplasms
  4 giant cockroaches
  2 goblins
  7 hobgoblins
  7 quokkas
  5 frilled lizards
  A kobold (D:1)
  28 rats
89 creatures vanquished.

Notes
Turn   | Place    | Note
-------+----------+-------------------------------------------
     0 | D:1      | littlecub the Troll Fighter began the quest for the Orb.
     0 | D:1      | Reached XP level 1. HP: 22/22 MP: 0/0
   170 | D:1      | Reached XP level 2. HP: 29/29 MP: 1/1
   625 | D:2      | Found a shimmering altar of Xom.
   673 | D:2      | Found a faded altar of an unknown god.
   679 | D:2      | Became a worshipper of the Shining One
   679 | D:2      | Reached * piety under the Shining One
   752 | D:2      | Found Zaanooli's Jewellery Shop.
   777 | D:2      | Noticed Jessica
   789 | D:2      | Killed Jessica
   790 | D:2      | Reached XP level 3. HP: 36/36 MP: 2/2
  1250 | D:2      | Reached XP level 4. HP: 40/45 MP: 3/3
  1472 | D:3      | Noticed a water moccasin
  1481 | D:3      | Killed a water moccasin
  1482 | D:3      | Reached skill level 1 in Invocations
  1482 | D:3      | Reached XP level 5. HP: 53/53 MP: 4/4
  1743 | D:3      | Found a glowing drain.
  1768 | Sewer    | Entered a sewer
  1803 | Sewer    | Reached XP level 6. HP: 62/62 MP: 6/6
  1888 | Sewer    | Reached ** piety under the Shining One
  1981 | Sewer    | HP: 3/62 [adder (5)]
  1982 | Sewer    | Slain by an adder

Illustrated notes

Levels and vault maps discovered:
D:1:      matt_arrival_grand_opening, layout_loops_ring,
          chequers_serial_rivers_micro_b
D:2:      layout_loops_corners, basic_altar, serial_shops, shop,
          basic_ecumenical_altar, serial_bayou_pond_e, uniq_jessica
D:3:      layout_rooms, portal_sewer_entry_f, grunt_decor_arrowhead,
          minmay_misc_feat_four_crosses
Sewer:    sewer_minmay_w

Skill      XL: |  1  2  3  4  5  6 |
---------------+-------------------+-----
Fighting       | 3 4 |  4.0
Unarmed Combat | 3 4 |  4.2
Invocations    | 1 |  1.8
Dodging        | 3 |  3.2
Shields        | 3 |  3.2

Action                   |  1- 3 |  4- 6 || total
-------------------------+-------+-------++-------
Melee: Unarmed           |    68 |   120 ||   188
  Use: Scroll            |       |     5 ||     5
Armor: Robe              |    18 |    52 ||    70
Dodge: Dodged            |    14 |    68 ||    82
Block: Kite shield       |    32 |    78 ||   110

Table legend: (Time is in decaauts)
 A = Elapsed time spent in this place.
 B = Non-inter-level travel time spent in this place.
 C = Inter-level travel time spent in this place.
 D = Time resting spent in this place.
 E = Time spent auto-exploring this place.
 F = Levels seen in this place.
 G = Mean time per level.
                   A        B        C        D        E       F      G
               +--------+--------+--------+--------+--------+-----+--------+
         Total |   2051 |   2004 |     47 |      0 |   1556 |   4 |  512.8 |
       Dungeon |   1790 |   1743 |     47 |      0 |   1426 |   3 |  596.7 |
         Sewer |    261 |    261 |      0 |      0 |    129 |   1 |  261.0 |
               +--------+--------+--------+--------+--------+-----+--------+

Top non-repeatable levels by time:
     D:2: 854 daAuts
     D:1: 632 daAuts
     D:3: 304 daAuts
   Sewer: 261 daAuts
